 Dungeon Crawl Stone Soup version 0.30-a0-371-gad7725a93e (webtiles) character file.

Game seed: 9741555067352090862

80 bmack86 the Chiller (level 4, -2/30 HPs)
             Began as a Demonspawn Ice Elementalist on Nov 21, 2022.
             Slain by a hobgoblin (3 damage)
             ... on level 2 of the Dungeon.
             The game lasted 00:12:33 (1748 turns).

bmack86 the Chiller (Demonspawn Ice Elementalist)   Turns: 1748, Time: 00:12:34

Health: -2/30      AC:  4    Str:  8    XL:     4   Next: 18%
Magic:  7/7        EV: 12    Int: 17    God:
Gold:   111        SH:  0    Dex: 15    Spells: 3/7 levels left

rFire   . . .      SeeInvis .    c - +0 dagger
rCold   . . .      Faith    .    (no shield)
rNeg    . . .      Spirit   .    a - +0 robe
rPois   .          Reflect  .    (no helmet)
rElec   .          Harm     .    (no cloak)
rCorr   .          Rampage  .    (no gloves)
Will    .....                    (no boots)
Stlth   ++........               (no amulet)
HPRegen 0.25/turn                (no ring)
MPRegen 0.10/turn                (no ring)

@: no status effects
A: thin metallic scales 1
a: no special abilities


You were on level 2 of the Dungeon.
You visited 1 branch of the dungeon, and saw 2 of its levels.

You collected 111 gold pieces.

Inventory:

Hand Weapons
 c - a +0 dagger (weapon)
 d - a +0 club
 f - a +1 rapier of holy wrath
 g - a +0 dagger
 h - a +0 club
 j - a +0 falchion
 k - a +0 short sword
 m - a +0 mace
Missiles
 i - a throwing net (quivered)
 q - 3 poisoned darts
Armour
 a - a +0 robe (worn)
 p - a +0 chain mail
Scrolls
 e - 2 scrolls of poison {unknown}
 n - a scroll of teleportation {unknown}
 r - a scroll of identify {unknown}
Potions
 b - a potion of magic
 l - 2 potions of flight {unknown}
 o - a potion of curing
 s - a potion of heal wounds


   Skills:
 + Level 0.2 Fighting
 + Level 0.6 Short Blades
 + Level 2.3 Dodging
 + Level 2.2 Stealth
 + Level 2.2 Spellcasting
 + Level 4.5 Ice Magic


You had 3 spell levels left.
You knew the following spells:

 Your Spells              Type           Power      Damage    Failure   Level
a - Freeze                Ice            68%        1d8       3%          1
b - Frozen Ramparts       Ice            34%        1d6       9%          3

Your spell library contained the following spells:

 Spells                   Type           Power      Damage    Failure   Level
 Ozocubu's Armour         Ice            17%        N/A       9%          3
 Ignite Poison            Fire/Tmut/Pois 1%         N/A       50%         3
 Kindle Blastsparks       Fire/Tloc/Air  2%         2d10      50%         3
 Summon Ice Beast         Ice/Summ       9%         N/A       58%         4
 Freezing Cloud           Conj/Ice/Air   3%         6-21      96%         5


Dungeon Overview and Level Annotations

Branches:
Dungeon (2/15)

Altars:

Annotations:
D:2 Natasha


Innate Abilities, Weirdness & Mutations

You are partially covered in thin metallic scales. (AC +2)


Message History

The magic dart hits you.
* * * LOW HITPOINT WARNING * * *
The hobgoblin closely misses you.
You hit Natasha.
Natasha is moderately wounded.
The crimson imp shouts, "Slither away, thou grime-gilt clapper-clawed efter!"
The crimson imp barely misses you.
The crimson imp blinks!
The hobgoblin hits you.
* * * LOW HITPOINT WARNING * * *
An adder comes into view.
The goblin hits you but does no damage. Natasha closely misses you.
The adder hisses angrily.
You hit Natasha. You punch Natasha, but do no damage.
Natasha is moderately wounded.
The crimson imp closely misses you. The hobgoblin barely misses you.
Natasha misses you. The goblin hits you but does no damage.
You hit Natasha.
Natasha is moderately wounded.
The crimson imp blinks!
The hobgoblin hits you but does no damage.
The goblin misses you. Natasha claws you but does no damage.
The adder barely misses you.
You closely miss Natasha.
Natasha is moderately wounded.
The crimson imp blinks!
The hobgoblin completely misses you. Natasha misses you.
The goblin closely misses you. The adder bites you.
* * * LOW HITPOINT WARNING * * *
You hit Natasha.
Natasha is heavily wounded.
The crimson imp grins evilly.
The crimson imp blinks!
The shadow imp shouts, "Kneel, thou pottle-deep miscreant wagtail!"
The adder bites you but does no damage. The goblin barely misses you.
The hobgoblin misses you. Natasha claws you.
* * * LOW HITPOINT WARNING * * *
You barely miss Natasha.
Natasha is heavily wounded.
The adder bites you but does no damage. The goblin barely misses you.
Natasha closely misses you. The hobgoblin hits you.
You die...

###### #### ##..... ..#
##<.>..## #.#
##.......###.#
#.........##.########
###......<...†.........
#...................###
##.##5g.....#.#.####....
.....5h@...##.#.# ###.#
#...###gS.###.#.# .# #
##.## #...# #.. #5#
###.# #.. ..§ ... ##.##
#.# #.#


You could see Natasha, 2 crimson imps, an adder, a shadow imp (summoned), a
hobgoblin and a goblin.

Vanquished Creatures
  A gnoll (D:1)
  3 adders (D:2)
  2 worms (D:2)
  2 dart slugs (D:1)
  2 ball pythons
  5 bats
  3 endoplasms (D:2)
  3 giant cockroaches
  2 goblins (D:1)
  3 hobgoblins
  A jackal (D:2)
  3 kobolds
  3 rats
33 creatures vanquished.

Notes
Turn   | Place    | Note
-------+----------+-------------------------------------------
     0 | D:1      | bmack86 the Demonspawn Ice Elementalist began the quest for
                  | the Orb.
     0 | D:1      | Reached XP level 1. HP: 13/13 MP: 3/3
   216 | D:1      | Reached skill level 4 in Ice Magic
   217 | D:1      | Gained mutation: You are partially covered in thin metallic
                  | scales. (AC +2) [demonic ancestry]
   217 | D:1      | Reached XP level 2. HP: 19/19 MP: 3/5
   870 | D:1      | Reached XP level 3. HP: 24/24 MP: 4/6
   881 | D:1      | Learned a level 3 spell: Frozen Ramparts
  1493 | D:2      | Reached XP level 4. HP: 25/30 MP: 5/7
  1727 | D:2      | Noticed Natasha
  1747 | D:2      | HP: 1/30 [Natasha (5)]
  1748 | D:2      | Slain by a hobgoblin

Illustrated notes

Levels and vault maps discovered:
D:1:      minmay_arrival_up_and_down, layout_basic
D:2:      minmay_chambers_of_twos, layout_loops_ring, serial_shops, shop,
          uniq_crazy_yiuf_cottage, uniq_natasha

Skill      XL: |  1  2 |
---------------+-------+-----
Ice Magic      | 4 |  4.5
Dodging        | 2 |  2.3
Stealth        | 2 |  2.2
Fighting       | |  0.2
Short Blades   | |  0.6
Spellcasting   | |  2.2

Action                   |  1- 3 |  4- 6 || total
-------------------------+-------+-------++-------
Melee: Dagger            |    98 |    26 ||   124
       Punch             |     2 |     1 ||     3
 Cast: Freeze            |    23 |     6 ||    29
  Use: Potion            |       |     1 ||     1
 Stab: Sleeping          |     3 |     1 ||     4
Armor: Robe              |    31 |    12 ||    43
Dodge: Dodged            |    60 |    28 ||    88

Table legend: (Time is in decaauts)
 A = Elapsed time spent in this place.
 B = Non-inter-level travel time spent in this place.
 C = Inter-level travel time spent in this place.
 D = Time resting spent in this place.
 E = Time spent auto-exploring this place.
 F = Levels seen in this place.
 G = Mean time per level.
                   A        B        C        D        E       F      G
               +--------+--------+--------+--------+--------+-----+--------+
         Total |   1745 |   1745 |      0 |    168 |   1080 |   2 |  872.5 |
       Dungeon |   1745 |   1745 |      0 |    168 |   1080 |   2 |  872.5 |
               +--------+--------+--------+--------+--------+-----+--------+

Top non-repeatable levels by time:
     D:1: 1006 daAuts
     D:2: 739 daAuts
